Map: Apotheosis LE

Players

Stalker

  • Race: Protoss Protoss
  • League: Diamond

PwTelivolts - Winner!

  • Race: Terran Terran
  • League: Master

VOD

Have the link to the VOD?

Description

Time

  • Played on: Sept. 14, 2016, 9:31 a.m.
  • Length: 17:39
Show
View Real Time Build Order
Export as new Build Order

Stalker Protoss 

Build Orders: Nexus First, Blink Stalkers 

Get SALT Encoding   

  12  0:02  Probe (Chrono Boost)  
  13  0:12  Probe (Chrono Boost)  
  14  0:19  Pylon  
  14  0:23  Probe (Chrono Boost)  
  15  0:37  Probe (Chrono Boost)  
  16  0:48  Probe (Chrono Boost)  
  17  0:59  Probe (Chrono Boost)  
  17  1:03  Nexus  
  18  1:09  Probe (Chrono Boost)  
  19  1:15  Gateway  
  19  1:20  Probe (Chrono Boost)  
  19  1:23  Assimilator  
  20  1:28  Assimilator  
  20  1:31  Probe (Chrono Boost)  
  21  1:41  Gateway  
  21  1:47  Probe (Chrono Boost)  
  22  1:53  Pylon  
  22  1:57  Probe (Chrono Boost)  
  23  2:08  Probe (Chrono Boost)  
  23  2:10  Cybernetics Core  
  23  2:17  Probe (Chrono Boost)  
  23  2:18  Probe (Chrono Boost)  
  25  2:27  Probe (Chrono Boost)  
  25  2:29  Probe (Chrono Boost)  
  27  2:36  Warp Gate  
  27  2:38  Probe (Chrono Boost)  
  27  2:39  Probe (Chrono Boost)  
  29  2:46  Stalker  
  29  2:48  Probe (Chrono Boost), Stalker  
  34  2:54  Probe (Chrono Boost)  
  35  2:59  Probe (Chrono Boost)  
  36  3:06  Twilight Council  
  36  3:09  Probe (Chrono Boost)  
  36  3:12  Probe (Chrono Boost)  
  38  3:21  Robotics Facility  
  38  3:24  Probe (Chrono Boost)  
  41  3:29  Mothership Core (Chrono Boost)  
  41  3:32  Stalker  
  43  3:34  Probe (Chrono Boost)  
  43  3:40  Pylon  
  44  3:45  Probe (Chrono Boost)  
  46  3:48  Blink  
  46  3:49  Probe (Chrono Boost)  
  46  3:53  Pylon  
  46  3:58  Probe (Chrono Boost), Pylon  
  46  4:01  Probe (Chrono Boost)  
  48  4:03  Assimilator  
  48  4:05  Assimilator  
  48  4:08  Probe (Chrono Boost)  
  49  4:11  Observer  
  49  4:13  Probe (Chrono Boost)  
  51  4:17  Gateway  
  51  4:20  Probe (Chrono Boost)  
  51  4:22  Gateway  
  52  4:27  Probe (Chrono Boost)  
  52  4:31  Probe (Chrono Boost)  
  54  4:37  Pylon  
  55  4:39  Probe (Chrono Boost)  
  55  4:42  Gateway  
  55  4:43  Gateway  
  55  4:45  Gateway  
  57  4:54  Probe (Chrono Boost)  
  57  4:55  Warp Prism  
  57  4:59  Stalker  
  60  5:03  Stalker  
  63  5:07  Probe x2 (Chrono Boost)  
  63  5:12  Pylon  
  64  5:15  Pylon  
  64  5:18  Stalker  
  66  5:25  Stalker  
  66  5:28  Stalker  
  71  5:35  Observer  
  71  5:38  Forge  
  71  5:40  Stalker x2  
  75  5:44  Stalker  
  75  5:48  Stalker  
  79  5:56  Pylon  
  79  5:58  Stalker  
  79  6:00  Pylon  
  79  6:01  Stalker  
  83  6:09  Adept x2  
  83  6:10  Adept  
  89  6:16  Adept  
  91  6:19  Stalker  
  91  6:25  Stalker x2  
  87  6:43  Adept x4  
  75  6:53  Stalker x2  
  75  6:54  Stalker x3  
  69  6:56  Protoss Ground Weapons Level 1  
  73  7:02  Observer  
  73  7:07  Nexus  
  74  7:10  Pylon  
  74  7:14  Pylon  
  74  7:18  Stalker  
  74  7:19  Sentry  
  74  7:21  Sentry  
  80  7:23  Immortal  
  83  7:38  Stalker  
  83  7:40  Stalker x3  
  93  7:44  Probe x2 (Chrono Boost)  
  93  7:57  Templar Archives  
  93  7:58  Resonating Glaives  
  91  7:59  Robotics Facility  
  91  8:02  Immortal  
  91  8:03  Probe x2 (Chrono Boost)  
  97  8:07  Adept  
  99  8:15  Probe x2 (Chrono Boost)  
  99  8:16  Assimilator  
  99  8:17  Adept  
  103  8:23  Probe (Chrono Boost)  
  105  8:27  Probe (Chrono Boost), Adept x2  
  105  8:31  Probe (Chrono Boost)  
  110  8:39  Stalker  
  110  8:40  Gateway  
  111  8:48  Immortal  
  112  8:52  Immortal  
  116  8:59  Adept  
  116  9:00  Adept x2  
  124  9:04  Probe x2 (Chrono Boost)  
  124  9:06  Assimilator  
  124  9:14  Psionic Storm  
  124  9:17  Protoss Ground Weapons Level 2  
  124  9:20  Probe x2 (Chrono Boost)  
  124  9:21  Stalker  
  124  9:22  Stalker x3  
  134  9:47  Adept  
  134  9:48  Adept  
  136  9:54  Nexus  
  136  9:56  Pylon  
  86  10:10  Stalker  
  86  10:11  Stalker x6  
  92  10:20  Adept  
  86  10:25  Immortal  
  86  10:26  Probe x2 (Chrono Boost)  
  92  10:34  Adept x3  
  92  10:35  Assimilator, Adept  
  100  10:38  High Templar x3  
  100  10:40  Assimilator  
  106  10:45  Immortal  
  110  10:51  Forge  
  110  10:54  Adept  
  112  10:59  Adept  
  114  11:06  Adept  
  114  11:10  Adept  
  118  11:23  Adept x5  
  124  11:32  Stalker x2  
  112  11:45  Stalker x4  
  108  11:49  Probe x2 (Chrono Boost)  
  86  12:02  Stalker x3  
  92  12:08  Adept x3  
  92  12:14  High Templar  
  100  12:29  Adept x3  
  106  12:30  Adept  
  106  12:32  Adept x2  
  106  12:36  Immortal  
  96  13:12  Stalker x4  
  79  13:13  Stalker x3  
  79  13:19  Probe x2 (Chrono Boost)  
  61  13:39  Adept x4  
  61  13:40  Adept  
  64  13:41  Adept x2  
  58  13:57  Pylon  
  58  13:58  Immortal  
  60  14:16  Stalker x3  
  66  14:17  Sentry  
  66  14:18  Sentry  
  70  14:31  Adept x2  
  34  16:05  Adept  
  34  16:06  Adept x6  
  48  16:37  High Templar x3  
Show
View Real Time Build Order
Export as new Build Order

PwTelivolts Terran - Winner!

Build Orders: Cyclone Opening, MMM Bio 

Get SALT Encoding   

  12  0:00  SCV  
  13  0:13  SCV  
  14  0:18  Supply Depot  
  14  0:25  SCV  
  15  0:39  SCV  
  15  0:40  Barracks  
  16  0:46  Refinery  
  16  0:51  SCV  
  17  1:04  SCV  
  18  1:16  SCV  
  19  1:28  Orbital Command  
  19  1:33  Marine  
  20  1:44  Command Center  
  20  1:55  SCV  
  20  1:58  Supply Depot  
  21  2:04  Factory  
  22  2:08  SCV  
  22  2:14  Barracks Tech Lab  
  22  2:20  SCV  
  23  2:32  SCV  
  24  2:44  SCV  
  25  2:57  Cyclone  
  29  2:59  Orbital Command  
  29  3:01  Command Center  
  29  3:03  SCV  
  30  3:10  Refinery  
  30  3:15  Barracks  
  30  3:17  Barracks  
  30  3:20  SCV  
  31  3:29  Barracks  
  31  3:36  SCV  
  31  3:37  Barracks  
  32  3:43  Refinery  
  32  3:48  SCV  
  33  3:49  SCV  
  34  4:06  Starport  
  34  4:07  SCV  
  34  4:08  SCV  
  36  4:14  Orbital Command  
  36  4:18  Factory Tech Lab  
  36  4:20  SCV  
  38  4:27  Engineering Bay, Marine x4  
  38  4:29  Stimpack  
  38  4:30  Marine  
  43  4:32  SCV  
  43  4:33  SCV  
  44  4:39  SCV  
  45  4:51  Supply Depot, SCV x2  
  45  4:52  Starport Reactor, Marine x3, SCV  
  49  4:53  Marine x2  
  49  4:55  Siege Tank  
  56  5:03  SCV  
  56  5:04  Missile Turret  
  57  5:10  Supply Depot, Marine x2  
  57  5:14  SCV x2  
  61  5:15  SCV  
  61  5:16  Missile Turret  
  61  5:17  Marine x3  
  65  5:28  Marine x2, SCV x2  
  68  5:32  SCV  
  68  5:34  Refinery  
  68  5:35  Marine x2  
  72  5:36  Refinery, Marine  
  72  5:39  Medivac  
  72  5:40  SCV  
  76  5:45  SCV  
  76  5:49  Supply Depot  
  77  5:55  Supply Depot  
  77  5:56  Supply Depot  
  77  6:00  Supply Depot  
  77  6:09  Supply Depot  
  77  6:11  Medivac, SCV x3, Marine x3  
  80  6:16  Marine x2  
  80  6:17  Medivac, Siege Tank  
  92  6:23  SCV x3  
  92  6:24  Supply Depot  
  95  6:29  Marine x2  
  95  6:30  Combat Shields  
  95  6:32  Supply Depot  
  84  6:46  SCV x2  
  84  6:47  SCV  
  66  7:03  Marine  
  66  7:04  Marauder, Marine x3  
  66  7:07  Siege Tank  
  75  7:16  Barracks  
  75  7:21  Marine x3  
  75  7:22  Marine  
  79  7:25  Marauder  
  79  7:39  Marine x2  
  79  7:40  Medivac x2  
  79  7:43  Barracks Tech Lab  
  79  7:44  Barracks x2  
  85  7:46  Marauder  
  86  7:57  SCV  
  86  7:58  SCV  
  86  8:02  Barracks Tech Lab, Marauder  
  86  8:04  Siege Tank, Barracks Reactor  
  86  8:05  Concussive Shells  
  91  8:08  Barracks Tech Lab, Marauder  
  91  8:10  Supply Depot  
  93  8:14  Terran Infantry Weapons Level 1  
  93  8:15  Engineering Bay  
  93  8:19  Barracks Tech Lab, Armory  
  93  8:23  Marauder  
  95  8:29  Marauder x3  
  95  8:32  Barracks Tech Lab  
  101  8:34  Barracks Tech Lab  
  101  8:38  Marauder  
  101  8:39  Supply Depot  
  103  8:44  Marauder  
  103  8:47  Marine  
  105  8:49  Siege Tank  
  105  8:51  Marauder x3  
  114  8:56  Orbital Command  
  114  8:59  Marauder  
  116  9:05  Marauder x2  
  116  9:06  Marauder  
  121  9:12  Marauder x2  
  125  9:20  Marauder, Marine x2  
  125  9:21  Marauder  
  131  9:26  Marauder, Marine  
  134  9:37  Marauder x3  
  140  9:41  Marauder  
  140  9:43  Terran Vehicle And Ship Armor Level 1  
  142  9:48  Refinery  
  142  9:51  Refinery  
  142  9:52  Command Center  
  123  10:00  Marauder x2  
  123  10:04  Marauder x2  
  115  10:08  Marauder  
  115  10:11  Marauder x2, Marine  
  115  10:16  Liberator  
  115  10:17  Marine  
  116  10:22  Marauder x2  
  116  10:25  Terran Infantry Armor Level 1, Marauder  
  122  10:29  Marauder  
  122  10:32  Liberator, Ghost Academy  
  127  10:48  Marine, Marauder x2  
  127  10:49  Marine x2  
  137  11:01  Ghost x2  
  137  11:03  Marauder  
  143  11:08  SCV x4  
  140  11:24  Ghost  
  140  11:25  Ghost  
  102  11:52  Marauder x2  
  102  11:53  Marauder  
  102  12:00  Ghost x4  
  105  12:13  Ghost  
  105  12:14  Marauder x2  
  111  12:19  Marine  
  111  12:20  Marine  
  111  12:22  Siege Tank  
  110  12:34  Ghost  
  110  12:35  Ghost  
  112  12:37  Missile Turret  
  112  12:50  Ghost x2  
  96  13:13  Ghost x4  
  96  13:17  Marauder  
  96  13:19  Marauder  
  94  13:29  Marauder  
  89  13:40  SCV  
  85  13:47  Marine  
  86  14:07  SCV x3  
  87  15:19  SCV, Marauder x2  
Tags
 
Add a new tag
Caveats
  • Supply blocks, unpowered buildings, or Contaminate may cause inaccurate times.
  • Supply counts are checked every 10 seconds.